Map: Ghost River LE

Players

IIIIIIIIIIII

  • Race: Protoss Protoss
  • League: Master
  • Spawn Location: 1:00

Dragonite - Winner!

  • Race: Protoss Protoss
  • League: Master
  • Spawn Location: 11:00

VOD

Have the link to the VOD?

Description

Time

  • Played on: July 19, 2024, 1:06 p.m.
  • Length: 10:54
Show
View Real Time Build Order
Export as new Build Order

IIIIIIIIIIII Protoss 

Build Orders: Phoenix Opening, Blink Stalkers, Zealot Archon 

Get SALT Encoding   

  12  0:00  Probe  
  13  0:12  Probe  
  14  0:17  Pylon  
  14  0:24  Probe  
  15  0:36  Probe (Chrono Boost), Gateway  
  16  0:46  Probe (Chrono Boost), Assimilator  
  17  0:51  Probe (Chrono Boost)  
  17  0:54  Assimilator  
  18  1:03  Probe (Chrono Boost)  
  19  1:07  Gateway  
  20  1:12  Probe (Chrono Boost)  
  20  1:17  Probe (Chrono Boost)  
  20  1:24  Cybernetics Core  
  21  1:29  Probe  
  22  1:35  Pylon  
  22  1:41  Probe  
  22  1:59  Probe  
  22  2:00  Sentry, Stalker  
  26  2:03  Warp Gate  
  26  2:11  Probe  
  27  2:27  Stalker  
  27  2:28  Pylon  
  29  2:30  Stalker  
  31  2:48  Nexus  
  32  2:51  Probe, Stalker x2  
  32  3:03  Probe  
  32  3:04  Sentry x2  
  37  3:15  Probe  
  37  3:18  Twilight Council  
  38  3:27  Probe  
  39  3:45  Phoenix  
  39  3:46  Blink (Chrono Boost)  
  39  3:47  Pylon  
  39  4:00  Probe x2, Stalker  
  43  4:03  Stalker  
  45  4:12  Probe x2  
  48  4:24  Probe x2  
  48  4:26  Stalker x2  
  53  4:36  Probe  
  54  4:39  Probe  
  54  4:41  Phoenix  
  55  4:48  Probe  
  54  4:53  Stalker x2  
  54  4:56  Probe  
  57  5:00  Probe, Gateway, Shield Battery  
  57  5:01  Gateway  
  57  5:03  Assimilator  
  58  5:08  Probe  
  58  5:12  Probe  
  60  5:14  Shield Battery  
  60  5:17  Stalker  
  60  5:20  Pylon  
  62  5:21  Pylon  
  62  5:38  Probe x2  
  62  5:41  Stalker x2  
  68  5:50  Probe  
  68  5:51  Nexus  
  68  5:52  Probe  
  68  5:53  Pylon, Charge (Chrono Boost)  
  68  5:55  Stalker  
  72  6:02  Robotics Facility  
  72  6:07  Probe, Forge  
  73  6:12  Probe  
  74  6:21  Probe  
  74  6:24  Probe  
  76  6:30  Gateway  
  76  6:31  Gateway, Zealot x3  
  82  6:34  Protoss Ground Weapons Level 1 (Chrono Boost)  
  82  6:35  Pylon  
  82  6:37  Sentry  
  84  6:44  Pylon  
  84  6:49  Probe x2  
  84  6:51  Shield Battery  
  86  6:58  Adept  
  86  7:01  Stalker x2  
  86  7:05  Probe x3  
  93  7:12  Templar Archives  
  93  7:18  Immortal (Chrono Boost)  
  97  7:24  Pylon  
  97  7:26  Zealot x2  
  101  7:31  Zealot x2  
  101  7:36  Shield Battery  
  105  7:39  Zealot  
  105  7:40  Zealot  
  109  7:47  Pylon  
  109  7:49  High Templar x2  
  113  7:53  Archon  
  113  7:54  Zealot x2  
  117  8:06  Zealot  
  117  8:07  Zealot  
  117  8:08  Probe x3  
  117  8:11  Protoss Ground Weapons Level 2 (Chrono Boost)  
  120  8:13  Gateway  
  120  8:15  Gateway  
  120  8:18  Immortal (Chrono Boost), Zealot x2  
  128  8:37  Pylon  
  128  8:38  Pylon  
  127  8:45  Probe x3  
  127  8:46  Zealot x2  
  131  8:53  Warp Prism  
  133  8:57  Pylon, Zealot x3  
  133  8:58  Pylon  
  133  9:02  Pylon  
  139  9:11  Zealot x5  
  149  9:20  High Templar  
  149  9:21  High Templar  
  149  9:22  Zealot  
  155  9:29  Archon  
  149  9:33  Zealot x5  
  157  9:46  Zealot  
  157  9:48  Gateway  
  157  9:49  Gateway  
  157  9:50  Pylon  
  159  9:55  High Templar x2  
  159  9:56  Zealot x5  
  159  10:00  Archon  
  145  10:09  Zealot  
  145  10:12  Nexus  
  145  10:13  Pylon  
  147  10:26  Zealot x5  
  135  10:32  Zealot x2  
  95  10:40  Zealot  
Show
View Real Time Build Order
Export as new Build Order

Dragonite Protoss - Winner!

Build Orders: Phoenix Opening, Zealot Archon 

Get SALT Encoding   

  12  0:00  Probe  
  13  0:12  Probe  
  14  0:17  Pylon  
  14  0:24  Probe (Chrono Boost)  
  15  0:36  Probe (Chrono Boost)  
  15  0:38  Gateway  
  16  0:45  Probe (Chrono Boost)  
  16  0:46  Assimilator  
  17  0:51  Probe  
  17  0:54  Assimilator  
  18  1:03  Probe (Chrono Boost)  
  19  1:13  Probe (Chrono Boost)  
  19  1:16  Gateway  
  19  1:18  Probe (Chrono Boost)  
  21  1:26  Cybernetics Core  
  21  1:29  Probe  
  22  1:34  Pylon  
  22  1:41  Probe  
  23  1:53  Probe  
  23  2:03  Sentry, Stalker  
  23  2:04  Warp Gate  
  28  2:11  Pylon  
  27  2:26  Stalker  
  29  2:33  Phoenix, Sentry  
  31  2:41  Nexus  
  31  2:50  Robotics Facility  
  31  2:55  Probe  
  32  3:07  Probe (Chrono Boost)  
  32  3:08  Shield Battery  
  33  3:16  Pylon  
  33  3:19  Probe (Chrono Boost)  
  34  3:26  Probe (Chrono Boost)  
  33  3:35  Immortal (Chrono Boost)  
  35  3:42  Probe  
  35  3:44  Sentry  
  38  3:52  Sentry  
  40  4:00  Probe  
  41  4:04  Warp Prism (Chrono Boost)  
  41  4:05  Probe  
  44  4:12  Probe  
  44  4:15  Stalker  
  47  4:18  Stalker  
  47  4:21  Probe  
  50  4:30  Probe, Pylon  
  52  4:32  Observer (Chrono Boost)  
  52  4:33  Probe  
  53  4:39  Twilight Council  
  51  4:57  Stalker x2  
  55  5:01  Probe x2  
  55  5:05  Assimilator  
  55  5:06  Assimilator  
  57  5:07  Forge  
  57  5:13  Probe x2 (Chrono Boost)  
  59  5:24  Charge  
  59  5:25  Probe x2 (Chrono Boost)  
  61  5:32  Probe (Chrono Boost)  
  61  5:34  Protoss Ground Weapons Level 1 (Chrono Boost)  
  61  5:35  Probe (Chrono Boost), Immortal  
  66  5:40  Probe  
  68  5:46  Probe  
  69  5:54  Pylon  
  69  6:01  Pylon  
  69  6:13  Gateway  
  69  6:14  Gateway  
  69  6:17  Gateway  
  69  6:18  Gateway  
  69  6:21  Gateway  
  69  6:23  Gateway  
  69  6:25  Templar Archives, Adept x2  
  73  6:33  Pylon  
  73  6:35  Probe  
  74  6:43  Warp Prism  
  75  7:04  High Templar x2  
  75  7:08  Pylon x2, High Templar x2  
  83  7:09  Archon  
  83  7:17  Archon, Protoss Ground Weapons Level 2 (Chrono Boost)  
  83  7:18  Zealot x4  
  91  7:38  Nexus  
  91  7:39  Probe, Pylon  
  91  7:40  Probe  
  91  7:43  High Templar x2  
  97  7:45  Zealot x3  
  97  7:48  Archon  
  97  7:49  Zealot x2  
  107  7:55  Pylon  
  107  8:04  Pylon  
  106  8:09  Immortal (Chrono Boost)  
  106  8:10  Probe x2  
  112  8:19  Nexus, High Templar x2  
  116  8:25  Archon  
  116  8:28  Shield Battery  
  116  8:33  Zealot x4  
  124  8:53  Zealot  
  126  8:56  Pylon  
  126  8:58  Pylon  
  126  9:03  Pylon  
  126  9:15  High Templar x4  
  134  9:17  Zealot x4  
  134  9:19  Archon  
  134  9:20  Archon  
  136  9:33  Probe x3  
  135  9:44  High Templar x2  
  135  9:45  Zealot x2  
  137  9:47  Zealot  
  137  9:48  Zealot x2  
  137  9:50  Zealot  
  145  9:55  Archon  
  133  10:10  High Templar x2  
  133  10:11  Zealot x4  
  145  10:14  Archon  
  145  10:22  Zealot x2  
  133  10:31  Probe x2  
  133  10:32  Probe  
  106  10:37  Zealot x4  
  102  10:43  Nexus  
Tags
 
Add a new tag
Caveats
  • Supply blocks, unpowered buildings, or Contaminate may cause inaccurate times.
  • Supply counts are checked every 10 seconds.